APL (24 & UNDER)
SAVANNAH HOGS @ KENOSHA KINGFISH
07/09/2027
 
TOP OF THE 1ST
Savannah Hogs batting - Pitching for Kenosha Kingfish : RHP Matt Hoffman
Pitching: RHP Matt Hoffman
Batting: RHB Anastasio Movonda 0-0: Swinging Strike
0-1: Ball
1-1: Ball
2-1: Bunt for hit - play at first, batter safe!
Batting: LHB Jim Clemente 0-0: Ball
1-0: Called Strike
1-1: Foul Ball, location: 2F
1-2: Strikes out swinging
Anastasio Movonda steals 2nd base
Batter strikes out.
Batting: RHB Henry Dawson 0-0: Ball
1-0: Swinging Strike
1-1: Hit by Pitch
Batting: RHB Sergio Moreno 0-0: Ball
1-0: Ball
2-0: Ball
3-0: Base on Balls
Anastasio Movonda to third
Henry Dawson to second
Batting: LHB Pedro Medine 0-0: Ball
1-0: Fly out, F7 (Flyball, 7)
Runner from 3rd tags up, SCORES, no throw
Batting: LHB Ivan Costello 0-0: Swinging Strike
0-1: Swinging Strike
0-2: Strikes out swinging
Top of the 1st over - 1 run(s), 1 hit(s), 0 error(s), 2 left on base; Savannah 1 - Kenosha 0
BOTTOM OF THE 1ST
Kenosha Kingfish batting - Pitching for Savannah Hogs : RHP Ubaldo Tavaia
Pitching: RHP Ubaldo Tavaia
Batting: RHB Manuel Gómez 0-0: Ball
1-0: Foul Ball, location: 2F
1-1: Ball
2-1: Ball
3-1: Ground out 6-3 (Groundball, 6)
Batting: LHB Davey Casey 0-0: Called Strike
0-1: Ball
1-1: Called Strike
1-2: Foul Ball, location: 2F
1-2: Fly out, F5 (Line Drive, 56)
Batting: LHB Jon Quinn 0-0: DOUBLE (Line Drive, 89S)
Batting: LHB Dusty Wilson 0-0: Called Strike
0-1: Ball
1-1: Foul Ball, location: 2F
1-2: Ball
2-2: Ball
3-2: Base on Balls
Batting: RHB Sergio Mata 0-0: Ball
1-0: Ball
2-0: Fly out, F8 (Flyball, 8LS)
Bottom of the 1st over - 0 run(s), 1 hit(s), 0 error(s), 2 left on base; Savannah 1 - Kenosha 0
TOP OF THE 2ND
Savannah Hogs batting - Pitching for Kenosha Kingfish : RHP Matt Hoffman
Batting: RHB Javier Músquez 0-0: Called Strike
0-1: Ball
1-1: Ball
2-1: Called Strike
2-2: Foul Ball, location: 2F
2-2: Ball
3-2: SOLO HOME RUN (Flyball, 9D), Distance : 387 ft
Batting: LHB Marv Alexander 0-0: Ball
1-0: Called Strike
1-1: Foul Ball, location: 2F
1-2: Ball
2-2: Fly out, F8 (Line Drive, 8LM)
Batting: RHB Ernesto Gómez 0-0: Ball
1-0: Foul Ball, location: 2F
1-1: Fly out, F9 (Line Drive, 9)
Batting: RHB Anastasio Movonda 0-0: Foul Ball, location: 2F
0-1: Ball
1-1: Ground out 4-3 (Groundball, 4S)
Top of the 2nd over - 1 run(s), 1 hit(s), 0 error(s), 0 left on base; Savannah 2 - Kenosha 0
BOTTOM OF THE 2ND
Kenosha Kingfish batting - Pitching for Savannah Hogs : RHP Ubaldo Tavaia
Batting: SHB Júlio Valentín 0-0: Ball
1-0: Ball
2-0: Ball
3-0: Called Strike
3-1: Base on Balls
Batting: RHB José Vargas 0-0: Ball
Wild Pitch!
Júlio Valentín to second
1-0: Called Strike
1-1: Ground out 1-3 (Groundball, 13S)
Júlio Valentín to third
Batting: RHB Tommy Davenport 0-0: Ball
1-0: Ball
2-0: Called Strike
2-1: Ball
3-1: Foul Ball, location: 2F
3-2: SINGLE (Groundball, 56D)
Júlio Valentín scores
Batting: LHB Marvin Nichols 0-0: Ball
1-0: Ball
2-0: Called Strike
2-1: Ball
3-1: Base on Balls
Tommy Davenport to second
Batting: RHB Manuel Gómez 0-0: Ball
1-0: Called Strike
1-1: Ball
2-1: Foul Ball, location: 2F
2-2: Fly out, F4 (Popup, 4D)
Batting: LHB Davey Casey 0-0: Called Strike
0-1: Ball
1-1: Foul Ball, location: 2F
1-2: Ball
2-2: Foul Ball, location: 2F
2-2: Foul Ball, location: 2F
2-2: Ball
3-2: Base on Balls
Tommy Davenport to third
Marvin Nichols to second
Batting: LHB Jon Quinn 0-0: Ball
1-0: Foul Ball, location: 2F
1-1: Ball
2-1: GRAND SLAM HOME RUN (Flyball, 8RXD), Distance : 445 ft
Batting: LHB Dusty Wilson 0-0: Swinging Strike
0-1: Ball
1-1: Ball
2-1: Fly out, F9 (Flyball, 89M)
Bottom of the 2nd over - 5 run(s), 2 hit(s), 0 error(s), 0 left on base; Savannah 2 - Kenosha 5
TOP OF THE 3RD
Savannah Hogs batting - Pitching for Kenosha Kingfish : RHP Matt Hoffman
Batting: LHB Jim Clemente 0-0: Ball
1-0: Swinging Strike
1-1: Called Strike
1-2: Strikes out swinging
Batting: RHB Henry Dawson 0-0: Swinging Strike
0-1: Ball
1-1: Ball
2-1: Swinging Strike
2-2: Strikes out looking
Batting: RHB Sergio Moreno 0-0: Called Strike
0-1: Ball
1-1: Foul Ball, location: 2F
1-2: Strikes out swinging
Top of the 3rd over - 0 run(s), 0 hit(s), 0 error(s), 0 left on base; Savannah 2 - Kenosha 5
BOTTOM OF THE 3RD
Kenosha Kingfish batting - Pitching for Savannah Hogs : RHP Ubaldo Tavaia
Batting: RHB Sergio Mata 0-0: Ball
1-0: Ball
2-0: Ball
3-0: Base on Balls
Batting: SHB Júlio Valentín 0-0: Fly out, F8 (Flyball, 8LM)
Batting: RHB José Vargas 0-0: Called Strike
0-1: Ball
Sergio Mata steals 2nd base
1-1: Ball
2-1: Ball
3-1: Swinging Strike
3-2: Base on Balls
Batting: RHB Tommy Davenport 0-0: Called Strike
0-1: Ball
1-1: 3-RUN HOME RUN (Flyball, 9D), Distance : 375 ft
Pitching: RHP Álex Solano
Batting: LHB Marvin Nichols 0-0: Foul Ball, location: 2F
0-1: Called Strike
0-2: Foul Ball, location: 2F
0-2: Ball
1-2: Foul Ball, location: 2F
1-2: Strikes out looking
Batting: RHB Manuel Gómez 0-0: Called Strike
0-1: Ball
1-1: Foul Ball, location: 2F
1-2: Foul Ball, location: 2F
1-2: Ball
2-2: DOUBLE (Line Drive, 78M)
Batting: LHB Davey Casey 0-0: Ball
1-0: Ball
2-0: Ball
3-0: Base on Balls
Batting: LHB Jon Quinn 0-0: Called Strike
0-1: Ball
1-1: Fly out, F5 (Line Drive, 56)
Bottom of the 3rd over - 3 run(s), 2 hit(s), 0 error(s), 2 left on base; Savannah 2 - Kenosha 8
TOP OF THE 4TH
Savannah Hogs batting - Pitching for Kenosha Kingfish : RHP Matt Hoffman
Batting: LHB Pedro Medine 0-0: Called Strike
0-1: Ball
1-1: Ball
2-1: Swinging Strike
2-2: Foul Ball, location: 2F
2-2: Strikes out swinging
Batting: LHB Ivan Costello 0-0: Called Strike
0-1: Ball
1-1: Ball
2-1: Fly out, F4 (Popup, 34D)
Batting: RHB Javier Músquez 0-0: Foul Ball, location: 2F
0-1: Ball
1-1: Fly out, F9 (Flyball, 9)
Top of the 4th over - 0 run(s), 0 hit(s), 0 error(s), 0 left on base; Savannah 2 - Kenosha 8
BOTTOM OF THE 4TH
Kenosha Kingfish batting - Pitching for Savannah Hogs : RHP Álex Solano
Batting: LHB Dusty Wilson 0-0: Foul Ball, location: 2F
0-1: Ground out 3-1 (Groundball, 34)
Batting: RHB Sergio Mata 0-0: Ground out 6-3 (Groundball, 6)
Batting: SHB Júlio Valentín 0-0: Foul Ball, location: 2F
0-1: Foul Ball, location: 2F
0-2: Hit by Pitch
Batting: RHB José Vargas 0-0: Ball
1-0: Ball
2-0: Ball
3-0: Called Strike
3-1: Foul Ball, location: 2F
3-2: Base on Balls
Júlio Valentín to second
Batting: RHB Tommy Davenport 0-0: Called Strike
0-1: Called Strike
0-2: Ball
1-2: SINGLE (Groundball, 34D)
Júlio Valentín to third
José Vargas to second
Runner from 3rd tries for Home, SAFE, no throw
Batting: LHB Marvin Nichols 0-0: Foul Ball, location: 2F
0-1: TRIPLE (Flyball, 8LD)
José Vargas scores
Tommy Davenport scores
Pitching: LHP Roberto Barrón
Batting: RHB Manuel Gómez 0-0: Called Strike
0-1: SINGLE (Line Drive, 4D)
Marvin Nichols scores
Batting: LHB Davey Casey 0-0: Called Strike
Manuel Gómez is caught stealing 2nd base
Bottom of the 4th over - 4 run(s), 3 hit(s), 0 error(s), 0 left on base; Savannah 2 - Kenosha 12
TOP OF THE 5TH
Savannah Hogs batting - Pitching for Kenosha Kingfish : RHP Matt Hoffman
Batting: LHB Marv Alexander 0-0: Ball
1-0: Ball
2-0: Foul Ball, location: 2F
2-1: Foul Ball, location: 2F
2-2: Fly out, F4 (Popup, 34D)
Batting: RHB Ernesto Gómez 0-0: Ball
1-0: Fly out, F4 (Popup, 3D)
Batting: RHB Anastasio Movonda 0-0: Ball
1-0: Fly out, F8 (Flyball, 8RS)
Top of the 5th over - 0 run(s), 0 hit(s), 0 error(s), 0 left on base; Savannah 2 - Kenosha 12
BOTTOM OF THE 5TH
Kenosha Kingfish batting - Pitching for Savannah Hogs : LHP Roberto Barrón
Batting: LHB Davey Casey 0-0: Called Strike
0-1: Ground out 6-3 (Groundball, 6)
Batting: LHB Jon Quinn 0-0: Ball
1-0: Ball
2-0: Ball
3-0: Called Strike
3-1: Swinging Strike
3-2: Base on Balls
Batting: LHB Dusty Wilson 0-0: Ball
1-0: Ball
2-0: Ball
3-0: Called Strike
3-1: Base on Balls
Jon Quinn to second
Batting: RHB Sergio Mata 0-0: Ball
1-0: Fly out, F8 (Flyball, 8RM)
Batting: SHB Júlio Valentín 0-0: Called Strike
0-1: Foul Ball, location: 2F
0-2: Strikes out swinging
Bottom of the 5th over - 0 run(s), 0 hit(s), 0 error(s), 2 left on base; Savannah 2 - Kenosha 12
TOP OF THE 6TH
Savannah Hogs batting - Pitching for Kenosha Kingfish : RHP Matt Hoffman
Batting: LHB Jim Clemente 0-0: Called Strike
0-1: Swinging Strike
0-2: Ball
1-2: SINGLE (Line Drive, 7S)
Batting: RHB Henry Dawson 0-0: Swinging Strike
0-1: Swinging Strike
0-2: Foul Ball, location: 2F
0-2: Strikes out swinging
Batting: RHB Sergio Moreno 0-0: Ball
1-0: Swinging Strike
1-1: Ball
Jim Clemente is caught stealing 2nd base
2-1: Fly out, F8 (Line Drive, 8RD)
Top of the 6th over - 0 run(s), 1 hit(s), 0 error(s), 0 left on base; Savannah 2 - Kenosha 12
BOTTOM OF THE 6TH
Kenosha Kingfish batting - Pitching for Savannah Hogs : LHP Roberto Barrón
Batting: RHB José Vargas 0-0: Ball
1-0: Ball
2-0: Ground out 4-3 (Groundball, 4)
Batting: RHB Tommy Davenport 0-0: Foul Ball, location: 2F
0-1: Ground out 6-3 (Groundball, 6M)
Batting: LHB Marvin Nichols 0-0: Ball
1-0: Foul Ball, location: 2F
1-1: Swinging Strike
1-2: Strikes out swinging
Bottom of the 6th over - 0 run(s), 0 hit(s), 0 error(s), 0 left on base; Savannah 2 - Kenosha 12
TOP OF THE 7TH
Savannah Hogs batting - Pitching for Kenosha Kingfish : RHP Matt Hoffman
Pitching: RHP Aubrey Hudson
Batting: LHB Pedro Medine 0-0: Called Strike
0-1: Ball
1-1: Foul Ball, location: 2F
1-2: Ball
2-2: Ball
3-2: Foul Ball, location: 2F
3-2: Base on Balls
Batting: LHB Ivan Costello 0-0: Called Strike
0-1: Ball
1-1: Fielders Choice at 2nd, 3-6 (Groundball, 34)
Batting: RHB Javier Músquez 0-0: Ball
1-0: Ball
2-0: Ball
3-0: Base on Balls
Ivan Costello to second
Batting: LHB Marv Alexander 0-0: Called Strike
0-1: Called Strike
0-2: Foul Ball, location: 2F
0-2: Strikes out looking
Batting: RHB Ernesto Gómez 0-0: Called Strike
0-1: Foul Ball, location: 2F
0-2: Ball
1-2: Strikes out swinging
Top of the 7th over - 0 run(s), 0 hit(s), 0 error(s), 2 left on base; Savannah 2 - Kenosha 12
BOTTOM OF THE 7TH
Kenosha Kingfish batting - Pitching for Savannah Hogs : LHP Roberto Barrón
Batting: RHB Manuel Gómez 0-0: Called Strike
0-1: Ball
1-1: Foul Ball, location: 2F
1-2: SINGLE (Line Drive, 4MD)
Batting: LHB Davey Casey 0-0: Ball
1-0: Called Strike
1-1: Ball
2-1: Called Strike
2-2: Ball
3-2: SINGLE (Flyball, 8LM)
Manuel Gómez to second
Runner from 2nd tries for 3rd, SAFE, no throw
Batting: LHB Jon Quinn 0-0: Ball
1-0: Foul Ball, location: 2F
1-1: Grounds into double play, 5-4-3 (Groundball, 56)
Manuel Gómez scores
Batting: LHB Dusty Wilson 0-0: Ball
1-0: Called Strike
1-1: Ground out 6-3 (Groundball, 6M)
Bottom of the 7th over - 1 run(s), 2 hit(s), 0 error(s), 0 left on base; Savannah 2 - Kenosha 13
TOP OF THE 8TH
Savannah Hogs batting - Pitching for Kenosha Kingfish : RHP Aubrey Hudson
Batting: RHB Anastasio Movonda 0-0: Swinging Strike
0-1: Ball
1-1: SINGLE (Line Drive, 34)
Pinch Hitting: LHB Juan Delgado 0-0: Fly out, F9 (Flyball, 9S)
Batting: RHB Henry Dawson 0-0: Called Strike
0-1: Ball
1-1: SINGLE (Groundball, 34D)
Anastasio Movonda to second
Runner from 2nd tries for 3rd, SAFE, throw made to third
Henry Dawson to second
Batting: RHB Sergio Moreno 0-0: Ball
1-0: Ball
2-0: Ball
3-0: Base on Balls
Batting: LHB Pedro Medine 0-0: Ball
1-0: Foul Ball, location: 2F
1-1: Foul Ball, location: 2F
1-2: Ball
2-2: Strikes out swinging
Batting: LHB Ivan Costello 0-0: Ball
1-0: Foul Ball, location: 2F
1-1: Foul Ball, location: 2F
1-2: Fly out, F8 (Flyball, 8RM)
Top of the 8th over - 0 run(s), 2 hit(s), 0 error(s), 3 left on base; Savannah 2 - Kenosha 13
BOTTOM OF THE 8TH
Kenosha Kingfish batting - Pitching for Savannah Hogs : LHP Roberto Barrón
Now in LF: Juan Delgado
Pinch Hitting: LHB Henry Durham 0-0: Ball
1-0: Ball
2-0: Foul Ball, location: 2F
2-1: Ball
3-1: Ground out 6-3 (Groundball, 6)
Batting: SHB Júlio Valentín 0-0: Called Strike
0-1: Ball
1-1: Ball
2-1: Ball
3-1: Base on Balls
Batting: RHB José Vargas 0-0: Ball
1-0: Called Strike
1-1: Foul Ball, location: 2F
1-2: Ball
2-2: Foul Ball, location: 2F
2-2: Ball
3-2: Ground out U3 (Groundball, 3S)
Júlio Valentín to second
Pinch Hitting: RHB Esteban Ayala 0-0: Ball
1-0: TRIPLE (Line Drive, 89XD)
Júlio Valentín scores
Batting: LHB Marvin Nichols 0-0: Ball
1-0: Ground out 4-3 (Groundball, 4)
Bottom of the 8th over - 1 run(s), 1 hit(s), 0 error(s), 1 left on base; Savannah 2 - Kenosha 14
TOP OF THE 9TH
Savannah Hogs batting - Pitching for Kenosha Kingfish : RHP Aubrey Hudson
Now at SS: Esteban Ayala
Now in LF: Henry Durham
Batting: RHB Javier Músquez 0-0: Swinging Strike
0-1: Ball
1-1: Ball
2-1: Ball
3-1: Called Strike
3-2: SINGLE (Flyball, 7LM)
Batting: LHB Marv Alexander 0-0: Called Strike
0-1: SINGLE (Line Drive, 6)
Javier Músquez to second
Batting: RHB Ernesto Gómez 0-0: Ball
1-0: Called Strike
1-1: Swinging Strike
1-2: Ball
2-2: Ball
3-2: Foul Ball, location: 2F
3-2: Base on Balls
Javier Músquez to third
Marv Alexander to second
Pitching: LHP Javier Robles
Batting: RHB Anastasio Movonda 0-0: Foul Ball, location: 2F
0-1: Ball
1-1: Ball
2-1: Fly out, F4 (Popup, 34D)
Batting: LHB Juan Delgado 0-0: Ball
1-0: Called Strike
1-1: Ball
2-1: Called Strike
2-2: Ball
3-2: Base on Balls
Javier Músquez scores
Marv Alexander to third
Ernesto Gómez to second
Batting: RHB Henry Dawson 0-0: Ball
1-0: Foul Ball, location: 2F
1-1: Foul Ball, location: 2F
1-2: Strikes out swinging
Batting: RHB Sergio Moreno 0-0: Ball
1-0: Ball
2-0: Ball
3-0: Called Strike
3-1: Base on Balls
Marv Alexander scores
Ernesto Gómez to third
Juan Delgado to second
Batting: LHB Pedro Medine 0-0: Fly out, F8 (Flyball, 8LXD)
Top of the 9th over - 2 run(s), 2 hit(s), 0 error(s), 3 left on base; Savannah 4 - Kenosha 14
Thursday, March 30th, 2017 - OOTP Baseball 17.12 Build 75